Map: Green Acres

Players

Erfeyah - Winner!

  • Race: Terran Terran
  • Spawn Location: 6:00

VOD

Have the link to the VOD?

Description

Time

  • Played on: Nov. 26, 2017, 4:45 p.m.
  • Length: 21:51
Show
View Real Time Build Order
Export as new Build Order

Erfeyah Terran - Winner!

Build Orders: Reaper Expand 

Get SALT Encoding   

  12  0:07  SCV  
  12  0:20  Supply Depot  
  12  0:22  SCV  
  12  0:41  SCV  
  12  0:59  Barracks  
  12  1:06  SCV  
  12  1:24  Supply Depot  
  12  1:32  SCV  
  12  1:44  SCV  
  12  1:47  Supply Depot  
  12  1:51  Marine  
  12  1:57  SCV  
  12  2:09  Marine  
  12  2:10  Supply Depot  
  12  2:16  Refinery  
  12  2:21  SCV  
  12  2:26  Marine  
  12  2:34  Supply Depot  
  12  2:38  Barracks  
  12  2:44  Marine  
  12  2:56  Barracks  
  12  2:57  Supply Depot  
  12  3:18  SCV  
  12  3:21  Supply Depot  
  12  3:46  Supply Depot  
  12  3:49  SCV  
  12  3:50  Marine, Command Center  
  12  3:59  Marine x2  
  12  4:07  Marine  
  12  4:17  Marine x2  
  12  4:21  SCV  
  12  4:25  Marine  
  12  4:35  Marine x2  
  12  4:43  Marine  
  12  4:52  Marine  
  12  4:53  Marine  
  12  5:32  SCV  
  12  5:50  Bunker  
  12  6:04  Supply Depot  
  12  6:08  Supply Depot  
  12  6:12  Supply Depot  
  12  6:16  SCV  
  12  6:17  SCV  
  12  6:24  Marine x3  
  12  6:28  SCV  
  12  6:29  SCV  
  12  6:35  Supply Depot  
  12  6:41  SCV x2  
  12  6:42  Marine x3, Supply Depot  
  12  6:59  Factory, Marine  
  12  7:00  Marine  
  12  7:09  Barracks  
  12  7:39  Supply Depot  
  12  7:40  SCV, Supply Depot  
  12  7:41  SCV, Marine x3  
  12  7:52  SCV  
  12  7:59  Marine x3  
  12  8:17  Marine x3  
  12  8:25  Starport  
  12  8:35  Marine x3  
  12  8:40  Starport  
  12  8:48  Starport  
  12  8:52  Marine  
  12  8:57  Supply Depot  
  12  9:06  Refinery  
  12  9:20  Marine x2  
  12  9:21  Marine  
  12  9:22  SCV  
  12  9:38  Marine x3  
  12  9:45  Medivac x2  
  12  9:46  Medivac  
  12  11:15  Command Center  
  12  11:22  Supply Depot  
  12  11:33  Supply Depot  
  12  11:44  Supply Depot  
  12  11:58  SCV  
  12  11:59  SCV  
  12  12:01  Marine x3  
  12  12:10  SCV  
  12  12:11  SCV  
  12  12:12  Medivac x3  
  12  12:19  Marine x3  
  12  12:36  Marine  
  12  12:42  Medivac x3  
  12  12:47  Supply Depot  
  12  13:11  Supply Depot  
  12  13:19  Medivac x3  
  12  13:49  Medivac  
  12  14:04  Supply Depot  
  12  14:10  SCV  
  12  14:11  Marine  
  12  14:12  Marine x2  
  12  14:22  Medivac  
  12  14:23  Medivac x2  
  12  14:29  Marine  
  12  14:30  Marine x2  
  12  14:47  Reaper  
  12  14:52  Medivac  
  12  15:14  Marine x2  
  12  15:15  SCV  
  12  15:16  SCV  
  12  15:19  Marine  
  12  15:28  SCV  
  12  15:46  Medivac x2  
  12  15:47  Medivac  
  12  15:48  SCV x2  
  12  15:50  Marine  
  12  15:51  Marine x2  
  12  16:00  SCV  
  12  16:01  SCV  
  12  16:08  Marine x2  
  12  16:09  Marine  
  12  16:12  SCV  
  12  16:13  SCV  
  12  16:16  Medivac x2  
  12  16:25  SCV x2  
  12  16:26  Marine x3  
  12  16:37  SCV x2  
  12  16:39  SCV  
  12  16:44  Marine x3  
  12  16:49  SCV x2  
  12  16:51  SCV  
  12  17:01  SCV x2  
  12  17:02  Marine x2  
  12  17:03  SCV  
  12  17:08  Marine  
  12  17:13  SCV x2  
  12  17:15  SCV  
  12  17:19  Marine  
  12  17:20  Marine  
  12  17:25  SCV x2  
  12  17:26  Marine  
  12  17:37  Marine  
  12  17:44  SCV  
  12  17:45  Marine x2  
  12  17:55  Marine  
  12  18:03  Marine x2  
  12  18:13  Marine  
  12  18:21  Marine x2  
  12  18:31  Marine  
  12  19:45  Refinery  
  12  19:54  Supply Depot  
  12  20:06  SCV  
  12  20:13  Marine x2  
  12  20:41  Orbital Command  
Tags
 
Add a new tag
Caveats
  • Supply blocks, unpowered buildings, or Contaminate may cause inaccurate times.
  • Supply counts are checked every 10 seconds.